[Event "Titled Tuesday Blitz November 14 Early 2023"]
[White "Akylbek2021"]
[Black "Winkels, Marcel"]
[BlackFideId "1003887"]
[WhiteElo "2232"]
[BlackElo "2062"]
[Result "0-1"]
[Round "7"]
[TimeControl "180+1"]
[Date "2023.11.14"]
[WhiteClock "0:00:00"]
[BlackClock "0:00:20"]
[Board "180"]

1. d4 Nf6 2. c4 g6 3. Nc3 d5 4. cxd5 Nxd5 5. e4 Nxc3 6. bxc3 Bg7 7. Nf3 c5 8. Rb1 O-O 9. Be2 b6 10. O-O Ba6 11. Be3 Qc7 12. Bxa6 Nxa6 13. Qe2 Nb8 14. Rfd1 Nd7 15. e5 Rac8 16. Bg5 f6 17. Bf4 fxe5 18. Bxe5 Nxe5 19. dxe5 Rcd8 20. c4 Rxd1+ 21. Rxd1 Rd8 22. e6 Bf6 23. Rd5 Rxd5 24. cxd5 c4 25. Ne1 c3 26. Nc2 Qc5 27. Qd3 b5 28. g3 a5 29. h4 b4 30. h5 Kg7 31. Qe4 g5 32. g4 Qd6 33. Ne3 Qc5 34. Nc2 Qc7 35. Kg2 Qf4 36. Qxf4 gxf4 37. Kf3 Be5 38. Ke4 Bd6 39. f3 a4 40. Kd4 b3 41. axb3 axb3 42. Na3 c2 0-1


[Site "https://www.chess.com"]

[Event "Titled Tuesday Blitz November 14 Early 2023"]
[White "Cueto, Jonny"]
[Black "Villafane Gomez, Jaime"]
[WhiteFideId "3300145"]
[BlackFideId "4426517"]
[WhiteElo "2220"]
[BlackElo "1740"]
[Result "1-0"]
[Round "7"]
[TimeControl "180+1"]
[Date "2023.11.14"]
[WhiteClock "0:01:14"]
[BlackClock "0:00:00"]
[Board "181"]

1. d4 Nf6 2. Bf4 g6 3. Nc3 d5 4. e3 Bg7 5. h4 h5 6. Nf3 c5 7. Nb5 Na6 8. c3 Bd7 9. a4 cxd4 10. exd4 O-O 11. Bd3 Ng4 12. O-O Re8 13. Re1 Bxb5 14. Bxb5 Nc7 15. Bxe8 Nxe8 16. Qb3 Qd7 17. Qb5 Qxb5 18. axb5 e6 19. Ra4 Nef6 20. Rea1 Ne4 21. Rxa7 1-0


[Site "https://www.chess.com"]

[Event "Titled Tuesday Blitz November 14 Early 2023"]
[White "Fakhretdinova, Margarita"]
[Black "IsaqueGoncalvesSanto"]
[WhiteFideId "24103667"]
[WhiteElo "2310"]
[BlackElo "1890"]
[Result "0-1"]
[Round "7"]
[TimeControl "180+1"]
[Date "2023.11.14"]
[WhiteClock "0:00:15"]
[BlackClock "0:00:44"]
[Board "182"]

1. e4 e6 2. d4 d5 3. Nc3 Bb4 4. e5 Qd7 5. Bd2 b6 6. Bd3 Ba6 7. a3 Bxc3 8. bxc3 Bxd3 9. cxd3 Nc6 10. Nf3 Na5 11. O-O Ne7 12. c4 dxc4 13. Bxa5 bxa5 14. dxc4 Qc6 15. Qe2 O-O 16. Rfd1 Rab8 17. Rab1 Rb6 18. Qd3 Rfb8 19. Nd2 Qa4 20. d5 exd5 21. cxd5 Rd8 22. Rxb6 axb6 23. d6 Qxd1+ 0-1


[Site "https://www.chess.com"]

[Event "Titled Tuesday Blitz November 14 Early 2023"]
[White "Clawitter, Craig"]
[Black "campochess"]
[WhiteFideId "2023105"]
[WhiteElo "2300"]
[BlackElo "2172"]
[Result "0-1"]
[Round "7"]
[TimeControl "180+1"]
[Date "2023.11.14"]
[WhiteClock "0:00:04"]
[BlackClock "0:00:40"]
[Board "183"]

1. e4 c5 2. Nf3 Nc6 3. d4 cxd4 4. Nxd4 e5 5. Nb5 a6 6. Nd6+ Bxd6 7. Qxd6 Qe7 8. Qd1 Nf6 9. Nc3 h6 10. Bd3 d6 11. O-O Be6 12. Kh1 O-O 13. f4 exf4 14. Bxf4 Ne5 15. Qe1 Ng6 16. Bg3 Rac8 17. Rd1 Rc5 18. Bf2 Rc6 19. Bd4 Ne5 20. Qg3 Nh5 21. Qe3 Qh4 22. Bxe5 dxe5 23. Nd5 Kh8 24. c4 Rfc8 25. b3 Rd6 26. g3 Qd8 27. c5 Rxd5 28. exd5 Bxd5+ 29. Be4 Bxe4+ 30. Qxe4 Qe7 31. Rf5 Nf6 32. Qxe5 Qxe5 33. Rxe5 Ng4 34. Re2 Rxc5 35. Rd7 Rf5 36. Rxb7 Nf2+ 37. Kg2 Nd3 38. Re8+ Kh7 39. Ree7 Kg6 40. Ra7 Rf2+ 41. Kg1 Rf6 42. Red7 Nb4 43. a3 Nc2 44. a4 Ne3 45. Rdb7 Rf1# 0-1


[Site "https://www.chess.com"]

[Event "Titled Tuesday Blitz November 14 Early 2023"]
[White "Vila Dupla, Aurelio"]
[Black "Cardenas Carbajal, Nilson"]
[WhiteFideId "2203383"]
[BlackFideId "8401128"]
[WhiteElo "2198"]
[BlackElo "2164"]
[Result "0-1"]
[Round "7"]
[TimeControl "180+1"]
[Date "2023.11.14"]
[WhiteClock "0:00:37"]
[BlackClock "0:00:05"]
[Board "184"]

1. Nf3 d5 2. d4 Nf6 3. c4 g6 4. cxd5 Nxd5 5. e4 Nb6 6. h3 Bg7 7. Be2 Nc6 8. Be3 O-O 9. O-O Na5 10. Qc1 Be6 11. d5 Bd7 12. Bd4 Bxd4 13. Nxd4 c5 14. Qxc5 Nac4 15. Bxc4 Rc8 16. Nc6 bxc6 17. Ba6 Rc7 18. d6 exd6 19. Qxd6 Be6 20. Rd1 Rd7 21. e5 Rxd6 22. Rxd6 Qg5 23. Rxc6 Qxe5 24. Nc3 Rd8 25. a4 Nd5 26. Rc5 Qd4 27. Rxd5 Bxd5 28. Rd1 Qc5 29. Ne4 Qe7 30. Nc3 Ba8 31. Rf1 Qg5 32. f3 Rd2 33. Ne4 Qxg2# 0-1


[Site "https://www.chess.com"]

[Event "Titled Tuesday Blitz November 14 Early 2023"]
[White "Novikova, Anna"]
[Black "vovasev"]
[WhiteFideId "4146794"]
[WhiteElo "2175"]
[BlackElo "2035"]
[Result "0-1"]
[Round "7"]
[TimeControl "180+1"]
[Date "2023.11.14"]
[WhiteClock "0:00:25"]
[BlackClock "0:01:29"]
[Board "185"]

1. e4 e5 2. Nf3 Nc6 3. Bc4 Nf6 4. Ng5 d5 5. exd5 Na5 6. Bb5+ c6 7. dxc6 bxc6 8. Qf3 Qd5 9. Be2 e4 10. Qg3 Bd6 11. Qh4 h6 12. d3 exd3 13. Bxd3 Qxg2 14. Be4 Nxe4 15. Qxe4+ Qxe4+ 16. Nxe4 Be7 17. Nbc3 O-O 18. Rg1 Bf5 19. Bxh6 Bg6 20. Bg5 Bb4 21. O-O-O Rfe8 22. f3 Nc4 23. Rd4 Bxc3 24. Nxc3 Ne5 25. Rf1 c5 26. Rd5 Rac8 27. f4 Nc4 28. f5 Bh5 29. f6 g6 30. Rd7 Re5 31. Bh6 Rce8 32. Nd5 Re1+ 33. Rxe1 Rxe1# 0-1


[Site "https://www.chess.com"]

[Event "Titled Tuesday Blitz November 14 Early 2023"]
[White "Nakamura, Hikaru"]
[Black "Daneshvar, Bardiya"]
[WhiteFideId "2016192"]
[BlackFideId "12576468"]
[WhiteElo "3331"]
[BlackElo "2995"]
[Result "1-0"]
[Round "8"]
[TimeControl "180+1"]
[Date "2023.11.14"]
[WhiteClock "0:00:08"]
[BlackClock "0:00:00"]
[Board "1"]

1. Nf3 Nf6 2. b3 b6 3. g3 Bb7 4. Bg2 g6 5. Bb2 Bg7 6. O-O O-O 7. e3 c5 8. c4 d5 9. Qe2 Nc6 10. d3 e6 11. Rd1 Qe7 12. Nc3 Rfd8 13. cxd5 Nxd5 14. Nxd5 Rxd5 15. Bxg7 Kxg7 16. Rd2 Rad8 17. Rad1 R5d6 18. h4 Nb4 19. Ne5 Bxg2 20. Kxg2 Rd5 21. Nf3 Qf6 22. d4 cxd4 23. Nxd4 e5 24. Nf3 Rxd2 25. Rxd2 Nc6 26. Rxd8 Qxd8 27. Qc4 Qd7 28. h5 f6 29. b4 Ne7 30. a3 g5 31. e4 h6 32. Ne1 Qc6 33. Qd3 f5 34. f3 fxe4 35. fxe4 Nc8 36. Nf3 Nd6 37. Nd2 Ne8 38. Qc4 Qd7 39. Nf3 Nf6 40. Nxe5 Qd2+ 41. Kh3 g4+ 42. Nxg4 Nxg4 43. Kxg4 Qg5+ 44. Kf3 Qxh5+ 45. Kg2 Qd1 46. Qc3+ Kg6 47. Qf3 Qd2+ 48. Kh3 1-0


[Site "https://www.chess.com"]

[Event "Titled Tuesday Blitz November 14 Early 2023"]
[White "Sychev, Klementy"]
[Black "Martinez Alcantara, Jose Eduardo"]
[WhiteFideId "4114060"]
[BlackFideId "3805662"]
[WhiteElo "2932"]
[BlackElo "3042"]
[Result "1-0"]
[Round "8"]
[TimeControl "180+1"]
[Date "2023.11.14"]
[WhiteClock "0:00:42"]
[BlackClock "0:00:12"]
[Board "2"]

1. e4 c5 2. Nf3 d6 3. d4 cxd4 4. Nxd4 Nc6 5. Nc3 e6 6. Be3 Nf6 7. f4 Bd7 8. Qe2 e5 9. Nxc6 Bxc6 10. O-O-O Qa5 11. Kb1 Be7 12. Bd2 Qb6 13. g4 exf4 14. Bxf4 O-O 15. g5 Nd7 16. Qh5 Ne5 17. Bxe5 dxe5 18. Bc4 g6 19. Qh6 Qe3 20. h4 Rad8 21. Nd5 Bxd5 22. Bxd5 Qg3 23. Rdg1 Qf4 24. h5 Rxd5 25. hxg6 Rd1+ 26. Rxd1 Qc1+ 27. Rxc1 Bxg5 28. Qxh7# 1-0


[Site "https://www.chess.com"]

[Event "Titled Tuesday Blitz November 14 Early 2023"]
[White "Muradli, Mahammad"]
[Black "Andreikin, Dmitry"]
[WhiteFideId "13409301"]
[BlackFideId "4158814"]
[WhiteElo "3002"]
[BlackElo "3129"]
[Result "0-1"]
[Round "8"]
[TimeControl "180+1"]
[Date "2023.11.14"]
[WhiteClock "0:00:00"]
[BlackClock "0:00:10"]
[Board "3"]

1. Nf3 b5 2. a4 b4 3. b3 Bb7 4. Bb2 Nf6 5. g3 Bxf3 6. exf3 e6 7. Bg2 d5 8. O-O Be7 9. f4 O-O 10. Re1 g6 11. h4 c5 12. d3 Nc6 13. Nd2 Nd7 14. Nf3 Bf6 15. Ne5 Rc8 16. h5 Bg7 17. hxg6 hxg6 18. Qg4 Ndxe5 19. fxe5 Qc7 20. Qg5 Rfd8 21. Re2 c4 22. Rae1 cxb3 23. cxb3 Na5 24. Rc1 Qd7 25. Rec2 Nxb3 26. Rxc8 Rxc8 27. Rxc8+ Qxc8 28. Bh3 Nc5 29. Qc1 Qc7 30. Bd4 Bf8 31. Bf1 b3 32. Qc3 Qb6 33. Qb2 Qb4 34. Be3 Nxa4 35. Qc1 b2 0-1


[Site "https://www.chess.com"]

[Event "Titled Tuesday Blitz November 14 Early 2023"]
[White "Lazavik, Denis"]
[Black "Mitrabha, Guha"]
[WhiteFideId "13515110"]
[BlackFideId "5057000"]
[WhiteElo "3062"]
[BlackElo "2963"]
[Result "1-0"]
[Round "8"]
[TimeControl "180+1"]
[Date "2023.11.14"]
[WhiteClock "0:01:31"]
[BlackClock "0:00:32"]
[Board "4"]

1. d4 Nf6 2. c4 e6 3. Nf3 c5 4. d5 exd5 5. cxd5 d6 6. Nc3 g6 7. h3 Qe7 8. e4 a6 9. Bd3 b5 10. O-O Bg7 11. e5 dxe5 12. Nxe5 O-O 13. Re1 Qd8 14. Bg5 Bb7 15. Ng4 Nbd7 16. Qf3 Kh8 17. Ne4 Bxd5 18. Ngxf6 Ne5 19. Qg3 Nxd3 20. Qh4 h5 21. Nxh5 gxh5 22. Bxd8 Raxd8 23. Qxh5+ Kg8 24. Ng5 Rfe8 25. Rxe8+ Rxe8 26. Qh7+ Kf8 27. Qxd3 1-0


[Site "https://www.chess.com"]

[Event "Titled Tuesday Blitz November 14 Early 2023"]
[White "Alekseenko, Kirill"]
[Black "Erdogmus, Yagiz Kaan"]
[WhiteFideId "4135539"]
[BlackFideId "44599790"]
[WhiteElo "2928"]
[BlackElo "3047"]
[Result "1-0"]
[Round "8"]
[TimeControl "180+1"]
[Date "2023.11.14"]
[WhiteClock "0:00:35"]
[BlackClock "0:00:07"]
[Board "5"]

1. e4 c5 2. Nf3 d6 3. d4 cxd4 4. Nxd4 Nf6 5. Nc3 a6 6. Be2 e6 7. O-O Be7 8. f4 O-O 9. Bf3 Qc7 10. a4 Nc6 11. Be3 Nxd4 12. Qxd4 e5 13. Qd2 Be6 14. f5 Bc4 15. Rfd1 Rac8 16. a5 d5 17. exd5 Bd6 18. Kh1 Qd7 19. b3 Bb4 20. bxc4 Rxc4 21. Rab1 Bxc3 22. Qe2 Rfc8 23. Qf1 Bxa5 24. d6 e4 25. Be2 Rxc2 26. Bd4 Qxd6 27. Rxb7 Rd2 28. Bb2 Bc7 29. g3 Rxd1 30. Qxd1 Qc6 31. Qb3 Bd6 32. Qxf7+ Kh8 33. Qxg7# 1-0


[Site "https://www.chess.com"]

[Event "Titled Tuesday Blitz November 14 Early 2023"]
[White "Zhigalko, Sergei"]
[Black "Niemann, Hans Moke"]
[WhiteFideId "13502956"]
[BlackFideId "2093596"]
[WhiteElo "2915"]
[BlackElo "3043"]
[Result "1/2-1/2"]
[Round "8"]
[TimeControl "180+1"]
[Date "2023.11.14"]
[WhiteClock "0:00:05"]
[BlackClock "0:00:14"]
[Board "6"]

1. e4 e5 2. Nf3 Nc6 3. Bc4 Nf6 4. d3 h6 5. O-O d6 6. c3 g5 7. Bb3 Bg7 8. Be3 O-O 9. Nbd2 d5 10. Bc5 Re8 11. Re1 b6 12. Ba3 a6 13. Nf1 Na5 14. Bc2 dxe4 15. dxe4 Qxd1 16. Raxd1 Nc4 17. Ne3 Nxa3 18. bxa3 Be6 19. Nd5 Bxd5 20. exd5 e4 21. Nd2 e3 22. Nc4 exf2+ 23. Kxf2 Rxe1 24. Kxe1 Re8+ 25. Kf1 b5 26. Nd2 Ng4 27. Rc1 Bh8 28. Nf3 Bxc3 29. Bh7+ Kxh7 30. Rxc3 Ne3+ 31. Kf2 Nxd5 32. Rc5 Rd8 33. Ne5 Kg7 34. Nc6 Rd6 35. Nd4 Ne7 36. Ke3 c6 37. g4 Kg6 38. h3 f6 39. Ke4 h5 40. a4 hxg4 41. hxg4 Rd5 42. Rc3 bxa4 43. Nxc6 Rd7 44. Nxe7+ Rxe7+ 45. Kf3 Re1 46. Rc4 Re5 47. Rxa4 a5 48. Rc4 Kf7 49. Rc7+ Kg6 50. Ra7 Rc5 51. Kg3 Rc3+ 52. Kf2 Ra3 53. Kg2 Rxa2+ 54. Kf3 Ra3+ 55. Kf2 Ra4 56. Kg3 Ra1 57. Kf2 a4 58. Kg2 a3 59. Kh2 Kh6 60. Kg2 Kg6 61. Kh2 f5 62. Ra6+ Kf7 63. gxf5 g4 64. Kg2 Ke7 65. f6+ Kf7 66. Kh2 a2 67. Kg2 g3 68. Ra7+ Kxf6 69. Ra6+ Ke5 70. Ra8 Kd4 71. Rd8+ Kc5 72. Rc8+ Kb6 73. Ra8 Kb5 74. Rb8+ Kc5 75. Rc8+ Kd5 76. Rd8+ Ke4 77. Re8+ Kd3 78. Rd8+ Kc3 79. Rc8+ Kb2 80. Rb8+ Kc3 81. Rc8+ Kb4 82. Rb8+ Kc5 83. Rc8+ 1/2-1/2


[Site "https://www.chess.com"]

[Event "Titled Tuesday Blitz November 14 Early 2023"]
[White "Terry, Renato"]
[Black "Bharath Subramaniyam H"]
[WhiteFideId "3803457"]
[BlackFideId "46634827"]
[WhiteElo "3018"]
[BlackElo "2939"]
[Result "1-0"]
[Round "8"]
[TimeControl "180+1"]
[Date "2023.11.14"]
[WhiteClock "0:01:18"]
[BlackClock "0:01:45"]
[Board "7"]

1. d4 Nf6 2. Nf3 b6 3. g3 Bb7 4. Bg2 g6 5. c4 Bg7 6. O-O O-O 7. Qc2 d5 8. cxd5 Nxd5 9. Rd1 a5 10. a3 e6 11. e4 Nf6 12. Nc3 Nbd7 13. Bf4 Rc8 14. h3 h6 15. g4 g5 16. Bg3 Re8 17. b4 axb4 18. axb4 Qe7 19. Ra7 Ba8 20. Qb1 h5 21. e5 Nd5 22. Nxd5 Bxd5 23. gxh5 Nf8 24. Nh2 Bxg2 25. Kxg2 Ra8 26. Rxa8 Rxa8 27. Ng4 Nh7 28. h6 Bf8 29. b5 Qd7 30. Qxh7+ Kxh7 31. Nf6+ Kg6 32. Nxd7 Bxh6 33. Rc1 Ra7 34. Rc2 Kf5 35. Nf6 Bf8 36. Ne8 Ra4 37. Rxc7 Kg6 38. Rd7 Bb4 39. Nd6 f5 40. exf6 1-0


[Site "https://www.chess.com"]

[Event "Titled Tuesday Blitz November 14 Early 2023"]
[White "Beerdsen, Thomas"]
[Black "Bortnyk, Olexandr"]
[WhiteFideId "1030108"]
[BlackFideId "14120828"]
[WhiteElo "2863"]
[BlackElo "3014"]
[Result "0-1"]
[Round "8"]
[TimeControl "180+1"]
[Date "2023.11.14"]
[WhiteClock "0:00:03"]
[BlackClock "0:00:04"]
[Board "8"]

1. e4 Nf6 2. e5 Nd5 3. d4 d6 4. Nf3 dxe5 5. Nxe5 c6 6. Be2 Bf5 7. O-O Nd7 8. f4 Nxe5 9. fxe5 e6 10. a3 Be7 11. c4 Nb6 12. Nc3 O-O 13. Be3 c5 14. d5 Nd7 15. d6 Bg5 16. Qd2 h6 17. b4 Rc8 18. Nb5 a6 19. Nc7 Nxe5 20. Bxg5 hxg5 21. Rad1 b6 22. Qe3 Rxc7 23. dxc7 Qxc7 24. Qxg5 cxb4 25. axb4 Nxc4 26. Rd4 b5 27. Rh4 Qb6+ 28. Kh1 Bg6 29. Bxc4 bxc4 30. Rxc4 Bd3 31. Rg4 g6 32. Qf6 Qd8 33. Qxd8 Rxd8 34. Rd1 e5 35. h4 Rd5 36. h5 Kg7 37. hxg6 f5 38. Rg5 e4 39. g4 e3 40. Kg1 e2 41. Re1 Rd4 42. gxf5 Rf4 43. Kh2 Rf1 44. Rg1 Rxf5 45. Kh3 Rf3+ 46. Kg4 Rf1 47. Kg5 Bc4 48. Rh1 Bd3 49. Rh7+ Kg8 50. Rh1 Bb5 51. Kh6 Bc4 52. Rhxf1 exf1=Q 53. Re8+ Qf8+ 54. Rxf8+ Kxf8 55. Kh7 Ke7 56. g7 Kd6 57. b5 axb5 0-1


[Site "https://www.chess.com"]

[Event "Titled Tuesday Blitz November 14 Early 2023"]
[White "Oparin, Grigoriy"]
[Black "Sydoryka, Vladyslav"]
[WhiteFideId "24125890"]
[BlackFideId "14145928"]
[WhiteElo "3004"]
[BlackElo "2668"]
[Result "1-0"]
[Round "8"]
[TimeControl "180+1"]
[Date "2023.11.14"]
[WhiteClock "0:00:18"]
[BlackClock "0:00:00"]
[Board "9"]

1. d4 Nf6 2. c4 e6 3. Nc3 Bb4 4. e3 O-O 5. Bd3 d5 6. Nf3 dxc4 7. Bxc4 c5 8. O-O cxd4 9. exd4 b6 10. Bg5 h6 11. Bh4 Bb7 12. Qe2 Nbd7 13. Ne5 Nxe5 14. dxe5 Qd4 15. Bxf6 gxf6 16. exf6 Bxc3 17. bxc3 Qxf6 18. Rac1 Rac8 19. Ba6 Bxa6 20. Qxa6 Rc7 21. h3 Rfc8 22. Rfd1 Qg5 23. c4 Qa5 24. Qxa5 bxa5 25. Rd4 Kg7 26. Rc3 f5 27. f4 Kf6 28. Kf2 h5 29. g3 Rb8 30. Ra3 Rc5 31. Ke3 Rb4 32. Kd3 Rb2 33. Kc3 Rg2 34. Rd3 Rg1 35. Kd4 Rc8 36. h4 Rc1 37. Rac3 Re1 38. Re3 Rd1+ 39. Red3 Re1 40. Rf3 Re4+ 41. Kd3 Rd8+ 42. Kc2 Rc8 43. c5 Rd4 44. Rfd3 Rxd3 45. Kxd3 Ke7 46. Kc4 Rb8 47. Rb3 Rxb3 48. axb3 a6 49. Kd4 Kd7 50. Ke5 Kc6 51. Kxe6 Kxc5 52. Kxf5 Kb4 53. Kg6 Kxb3 54. f5 a4 55. f6 a3 56. f7 a2 57. f8=Q a1=Q 58. Qf3+ Kb4 59. Qxh5 Qb1+ 60. Qf5 Qg1 61. Qf4+ Kb5 62. h5 Qb6+ 63. Qf6 Qe3 64. Qg5+ 1-0


[Site "https://www.chess.com"]

[Event "Titled Tuesday Blitz November 14 Early 2023"]
[White "Chigaev, Maksim"]
[Black "Dubov, Daniil"]
[WhiteFideId "4108116"]
[BlackFideId "24126055"]
[WhiteElo "2906"]
[BlackElo "3120"]
[Result "1-0"]
[Round "8"]
[TimeControl "180+1"]
[Date "2023.11.14"]
[WhiteClock "0:00:02"]
[BlackClock "0:00:00"]
[Board "10"]

1. e4 c5 2. Ne2 g6 3. g3 Bg7 4. Bg2 Nc6 5. Nbc3 d6 6. d3 e5 7. f4 Nge7 8. O-O h5 9. h3 Be6 10. Nd5 Qd7 11. Kh2 f5 12. fxe5 dxe5 13. Nxe7 Nxe7 14. h4 c4 15. dxc4 Bxc4 16. Qxd7+ Kxd7 17. Rd1+ Ke6 18. Nc3 Bh6 19. Bxh6 Rxh6 20. b3 Ba6 21. Na4 Rc8 22. c4 b5 23. Nc3 bxc4 24. b4 Rb8 25. a3 Rhh8 26. Na4 Bb5 27. Nc5+ Kf7 28. a4 Be8 29. b5 Rc8 30. Nb7 Kg7 31. Rac1 Rc7 32. Nd6 Bf7 33. Rc3 Be6 34. Re1 f4 35. gxf4 exf4 36. e5 Rb8 37. Re4 Bd5 38. Rxf4 Bxg2 39. Rf7+ Kh6 40. Kxg2 Nd5 41. Rxc7 Nxc7 42. Rxc4 Ne6 43. Nf7+ Kg7 44. Ng5 Nxg5 45. hxg5 Rb7 46. Kg3 Kf7 47. Rc6 Re7 48. Kf4 h4 49. Kg4 Rxe5 50. Ra6 Re4+ 51. Kh3 Rb4 52. Rxa7+ Ke6 53. Ra6+ Kf5 54. b6 1-0


[Site "https://www.chess.com"]

[Event "Titled Tuesday Blitz November 14 Early 2023"]
[White "Xu, Xiangyu"]
[Black "Kamsky, Gata"]
[WhiteFideId "8608288"]
[BlackFideId "2000024"]
[WhiteElo "2978"]
[BlackElo "2902"]
[Result "0-1"]
[Round "8"]
[TimeControl "180+1"]
[Date "2023.11.14"]
[WhiteClock "0:00:02"]
[BlackClock "0:00:47"]
[Board "11"]

1. d4 f5 2. Nc3 Nf6 3. Bf4 g6 4. h4 Bg7 5. e3 h6 6. Bc4 d6 7. Nf3 Nc6 8. Qe2 e6 9. d5 exd5 10. Nxd5 Nxd5 11. Bxd5 Qf6 12. c3 Be6 13. Qc4 Bxd5 14. Qxd5 Qf7 15. O-O-O Qxd5 16. Rxd5 Kf7 17. Nd2 Rae8 18. Re1 Bf6 19. Bg3 Ne7 20. Rd3 g5 21. hxg5 hxg5 22. f3 Nc6 23. a4 a6 24. Kc2 Be5 25. Bf2 Rh2 26. Rg1 g4 27. e4 g3 28. Be1 f4 29. Nf1 Rh5 30. Rd1 Reh8 31. Bd2 Rh1 32. Rxh1 Rxh1 33. Ne3 Rh2 34. Ng4 Rxg2 35. Kd3 Nd8 36. Rh1 Ne6 37. b4 Ng5 38. Rf1 b5 39. a5 Ke6 40. Bc1 c6 41. Bd2 Nh3 42. Be1 Rg1 0-1


[Site "https://www.chess.com"]

[Event "Titled Tuesday Blitz November 14 Early 2023"]
[White "Steinberg, Nitzan"]
[Black "Gholami Orimi, Mahdi"]
[WhiteFideId "2801795"]
[BlackFideId "12558486"]
[WhiteElo "2895"]
[BlackElo "2965"]
[Result "1-0"]
[Round "8"]
[TimeControl "180+1"]
[Date "2023.11.14"]
[WhiteClock "0:00:14"]
[BlackClock "0:00:12"]
[Board "12"]

1. e4 e5 2. Nf3 Nc6 3. Bb5 a6 4. Ba4 Nf6 5. O-O b5 6. Bb3 Bc5 7. a4 Rb8 8. c3 d6 9. d4 Bb6 10. a5 Ba7 11. Be3 O-O 12. Re1 Bg4 13. d5 Bxe3 14. fxe3 Ne7 15. Nbd2 Ng6 16. h3 Bd7 17. Rf1 h6 18. Qe1 Kh7 19. Qg3 c5 20. Bc2 c4 21. Qe1 Qc7 22. Bd1 Qc5 23. Kh2 b4 24. Be2 bxc3 25. bxc3 Qxe3 26. Bxc4 Qxc3 27. Bxa6 Ra8 28. Qe2 Nf4 29. Qc4 Qxc4 30. Bxc4 Ra7 31. Rfb1 Rfa8 32. a6 Ne8 33. Rb6 Ng6 34. Ne1 Ne7 35. Nd3 Nc8 36. Rb7 Nc7 37. Nb4 Be8 38. Nb3 Ne7 39. Na5 Rxb7 40. axb7 Rb8 41. Rc1 Kg6 42. Bd3 Nb5 43. Bxb5 Bxb5 44. Rc7 Kf6 45. Rxe7 Kxe7 46. Nbc6+ Bxc6 47. Nxc6+ Kd7 48. Nxb8+ Kc7 49. Nc6 Kxb7 50. Nd8+ Kc7 51. Nxf7 Kd7 52. Nh8 g5 53. Nf7 Ke7 54. Nxh6 Kf6 55. Nf5 g4 56. hxg4 Kg5 57. Kg3 Kf6 58. Nxd6 Kg6 59. Nc4 Kg5 60. Nxe5 Kf6 61. Nf3 Ke7 62. Kf4 Kd6 63. g5 Ke7 64. g4 Kf7 65. d6 Kg7 66. d7 Kg6 67. d8=Q Kh7 68. Qf6 Kg8 69. Qe7 Kh8 70. Ne5 Kg8 71. Qf7+ Kh8 72. Ng6# 1-0


[Site "https://www.chess.com"]

[Event "Titled Tuesday Blitz November 14 Early 2023"]
[White "Khismatullin, Denis"]
[Black "Alexandre, Anne Shopie Elizabeth"]
[WhiteFideId "4142578"]
[BlackFideId "11902418"]
[WhiteElo "2956"]
[BlackElo "2846"]
[Result "1-0"]
[Round "8"]
[TimeControl "180+1"]
[Date "2023.11.14"]
[WhiteClock "0:01:25"]
[BlackClock "0:01:39"]
[Board "13"]

1. e4 c5 2. Nf3 d6 3. d4 cxd4 4. Nxd4 Nf6 5. Nc3 a6 6. Bc4 g6 7. Bb3 Bg7 8. f3 Bd7 9. Be3 Nc6 10. Qd2 h5 11. O-O-O Rc8 12. Kb1 Ne5 13. h3 Nc4 14. Bxc4 Rxc4 15. g4 O-O 16. Rhg1 b5 17. Nd5 Nxd5 18. exd5 h4 19. b3 Rc8 20. Bh6 Rc5 21. Bxg7 Kxg7 22. Nf5+ Bxf5 23. gxf5 Rh8 24. Qd4+ Kg8 25. fxg6 f6 26. Qe4 Qd7 27. g7 Rh5 28. Qg6 1-0


[Site "https://www.chess.com"]

[Event "Titled Tuesday Blitz November 14 Early 2023"]
[White "Galchenko, Matvey"]
[Black "Timofeev, Artyom"]
[WhiteFideId "24175480"]
[BlackFideId "4140419"]
[WhiteElo "2946"]
[BlackElo "2843"]
[Result "1-0"]
[Round "8"]
[TimeControl "180+1"]
[Date "2023.11.14"]
[WhiteClock "0:00:09"]
[BlackClock "0:00:01"]
[Board "14"]

1. e4 c5 2. Nc3 Nc6 3. Bb5 Nd4 4. Nf3 e6 5. Bd3 Ne7 6. O-O Nec6 7. Nxd4 Nxd4 8. b3 Be7 9. Bb2 O-O 10. f4 f5 11. Ne2 Nc6 12. Ng3 d5 13. exf5 exf5 14. Qf3 Bf6 15. Bxf6 Rxf6 16. Rae1 g6 17. Qe3 b6 18. Qe8+ Qxe8 19. Rxe8+ Rf8 20. Rfe1 Bd7 21. Rxa8 Rxa8 22. Bb5 Kf7 23. Kf2 a6 24. Bxc6 Bxc6 25. d4 a5 26. a4 Rc8 27. Re5 Bb7 28. Ne2 c4 29. Ke3 Kf6 30. Kd2 cxb3 31. cxb3 Bc6 32. Nc3 Rd8 33. g3 Rd6 34. Nd1 Rd8 35. Ne3 h5 36. h4 Rd6 37. Nc2 Rd8 38. Ne1 Rc8 39. Nf3 b5 40. axb5 Bxb5 41. Rxd5 Bc6 42. Rc5 Bb7 43. Rxc8 Bxc8 44. Ne5 Be6 45. Kc3 Bd5 46. Nc4 Ke6 47. Nxa5 Kd6 48. Nc4+ 1-0


[Site "https://www.chess.com"]

[Event "Titled Tuesday Blitz November 14 Early 2023"]
[White "Baskakov, Egor"]
[Black "Samunenkov, Ihor"]
[WhiteFideId "24197866"]
[BlackFideId "14187086"]
[WhiteElo "2915"]
[BlackElo "2774"]
[Result "1-0"]
[Round "8"]
[TimeControl "180+1"]
[Date "2023.11.14"]
[WhiteClock "0:00:55"]
[BlackClock "0:00:20"]
[Board "15"]

1. e4 c5 2. Nf3 Nc6 3. Nc3 g6 4. d4 cxd4 5. Nxd4 Bg7 6. Nde2 Nf6 7. g3 O-O 8. Bg2 d6 9. h3 Rb8 10. a4 a6 11. O-O b5 12. axb5 axb5 13. Be3 e6 14. Nd4 Nxd4 15. Bxd4 b4 16. e5 bxc3 17. exf6 Bxf6 18. bxc3 d5 19. Qd2 Re8 20. Rfd1 Bb7 21. Ra7 Ba8 22. Rda1 Bxd4 23. Qxd4 Rc8 24. c4 Rxc4 25. Qxc4 dxc4 26. Rxa8 Kg7 27. Rxd8 Rxd8 28. Bf1 c3 29. Ra3 Rc8 30. f4 Kf6 31. Kf2 g5 32. fxg5+ Kxg5 33. Ra7 Rd8 34. Ke3 Rd2 35. Bd3 Kf6 36. Rc7 Rg2 37. Kf3 Rh2 38. h4 Ke5 39. Rxc3 f5 40. Rc5+ Kf6 41. Rc6 h5 42. Bc4 Rxc2 43. Rxe6+ Kg7 44. Bd5 Rc5 45. Rd6 1-0


[Site "https://www.chess.com"]

[Event "Titled Tuesday Blitz November 14 Early 2023"]
[White "Idani, Pouya"]
[Black "Nihal Sarin"]
[WhiteFideId "12510130"]
[BlackFideId "25092340"]
[WhiteElo "2836"]
[BlackElo "3104"]
[Result "0-1"]
[Round "8"]
[TimeControl "180+1"]
[Date "2023.11.14"]
[WhiteClock "0:00:03"]
[BlackClock "0:00:09"]
[Board "16"]

1. e4 c6 2. d4 d5 3. exd5 cxd5 4. Bd3 Nc6 5. c3 Nf6 6. h3 g6 7. Nf3 Bf5 8. Be2 e6 9. O-O Bd6 10. Nbd2 h5 11. c4 Qc7 12. c5 Bf4 13. Bb5 g5 14. Ne5 g4 15. h4 Bxe5 16. dxe5 Qxe5 17. Re1 Qc7 18. b4 g3 19. f3 Qf4 20. Bb2 Qxh4 21. Nf1 Rg8 22. Qa4 Nd7 23. Rad1 Qxb4 24. Qxb4 Nxb4 25. a3 Nc6 26. Rxd5 O-O-O 27. Rdd1 Nxc5 28. Bf6 Rxd1 29. Rxd1 Na5 30. Be5 a6 31. Be2 h4 32. Rd4 Nc6 33. Rc4 Nxe5 34. Rxc5+ Nc6 35. Bxa6 Kc7 36. Be2 Ra8 37. Rc4 Rh8 38. Ne3 Kd6 39. f4 Ra8 40. a4 Ra5 41. Bf3 Rc5 42. Rxc5 Kxc5 43. Bh5 f6 44. Be8 Nd4 45. Kf1 Bd3+ 46. Kg1 Ne2+ 47. Kh1 Nxf4 48. Kg1 Be4 49. Bd7 Nxg2 50. Nxg2 h3 51. Bxe6 Bxg2 52. a5 Kd4 0-1


[Site "https://www.chess.com"]